 Dungeon Crawl Stone Soup version 0.30-a0-743-gbfdf073431 (webtiles) character file.

Game seed: 13761742803286655027

539204 browni3141 the Marksmummy (level 24, 0/199 HPs)
             Began as a Mummy Cinder Acolyte on Feb 7, 2023.
             Was an Elder of Ignis.
             Slain by a spatial vortex (4 damage)
             ... summoned by a spatial maelstrom
             ... on level 4 of the Abyss.
             The game lasted 03:09:47 (63566 turns).

browni3141 the Marksmummy (Mummy Cinder Acolyte)   Turns: 63566, Time: 03:09:48

Health: 0/199      AC: 11    Str: 16      XL:     24   Next: 68%
Magic:  19/46      EV: 19    Int: 27 (28) God:    Ignis [****..]
Gold:   1480       SH:  0    Dex: 16 (19) Spells: 15/43 levels left

rFire   . . .      SeeInvis +    a - +7 longbow (flame)
rCold   + + +      Faith    +    (shield currently unavailable)
rNeg    + + +      Spirit   .    G - +4 skin of Zhor {*Englaciate rC+++ SInv}
rPois   ∞          Reflect  .    A - +1 helmet "Siustedu" {MP+9 Int+2}
rElec   .          Harm     .    f - scarf {+Inv}
rCorr   .          Rampage  .    U - +2 pair of gloves
Will    ++++.                    V - +2 pair of boots
Stlth   +++++++                  S - amulet of Ivaleysa {Acrobat Regen+ Dex+3 Stlth+}
HPRegen 1.33/turn                W - ring "Sueruev" {rPois Will+ Str-3 Int+3 Dex+3}
MPRegen 0.30/turn                R - +6 ring of intelligence

@: corroded, studying 2 skills
A: cold resistance 1, negative energy resistance 3, torment resistance 2, heat
vulnerability 1, in touch with death 2, no potions, faith
}: 3/15 runes: serpentine, barnacled, slimy
a: Renounce Religion, Evoke Invisibility, Fiery Armour, Foxfire Swarm, Rising
Flame


You were on level 4 of the Abyss.
You worshipped Ignis.
Ignis was greatly pleased with you.
You visited 10 branches of the dungeon, and saw 47 of its levels.
You visited the Abyss 1 time.
You visited 2 bazaars.
You also visited: Ice Cave.

You collected 6994 gold pieces.
You spent 5514 gold pieces at shops.

Inventory:

Hand Weapons
 a - a +7 longbow of flaming (weapon)
 b - the +6 arbalest "Damnation" {damnation}
   (You acquired it on level 1 of the Dungeon)
Missiles
 s - 3 throwing nets
Armour
 f - a scarf of invisibility (worn)
 A - the +1 helmet "Siustedu" (worn) {MP+9 Int+2}
   (You acquired it on level 4 of the Vaults)

   Int:       It affects your intelligence (+2).
   MP:        It affects your magic capacity (+9).
 G - the +4 skin of Zhor (worn) {*Englaciate rC+++ SInv}
   (You found it in an ice cave)

   *Englaciate: It radiates cold, occasionally slowing all nearby creatures who
   are not resistant to cold.
   rC:        It renders you almost immune to cold.
   SInv:      It lets you see invisible.
 M - a +2 cloak of preservation
 U - a +2 pair of gloves (worn)
 V - a +2 pair of boots (worn)
 Z - a +1 cloak of willpower
Jewellery
 d - a ring of protection from fire
 g - a +4 ring of slaying
 j - a +6 ring of dexterity
 k - a +4 ring of protection
 n - a ring of wizardry
 v - a ring of protection from fire
 B - a ring of protection from cold
 C - a ring of magical power
 D - an amulet of guardian spirit
 E - a ring of flight
 P - a +6 ring of dexterity
 R - a +6 ring of intelligence (right hand)
 S - the amulet of Ivaleysa (around neck) {Acrobat Regen+ Dex+3 Stlth+}
   (You bought it in a shop on level 2 of the Orcish Mines)

   [amulet of the acrobat]

   It increases your evasion while moving and waiting.
   Dex:       It affects your dexterity (+3).
   Regen:     It increases your rate of health regeneration.
   Stlth:     It makes you more stealthy.
 T - a ring of willpower
 W - the ring "Sueruev" (left hand) {rPois Will+ Str-3 Int+3 Dex+3}
   (You found it on level 13 of the Dungeon)

   [ring of willpower]

   Str:       It affects your strength (-3).
   Int:       It affects your intelligence (+3).
   Dex:       It affects your dexterity (+3).
   rPois:     It protects you from poison.
   Will:      It increases your willpower.
 X - a +4 ring of protection
Wands
 p - a wand of charming (34)
 q - a wand of light (4)
 x - a wand of polymorph (7)
 K - a wand of digging (15)
 N - a wand of flame (30)
 Q - a wand of iceblast (21)
Scrolls
 h - 8 scrolls of vulnerability
 i - 2 scrolls of blinking
 l - 8 scrolls of magic mapping
 m - 10 scrolls of immolation
 o - 11 scrolls of poison
 r - 21 scrolls of teleportation
 t - 7 scrolls of noise
 u - 5 scrolls of torment
 w - 9 scrolls of amnesia
 y - 7 scrolls of fear
 J - 3 scrolls of silence
 L - 6 scrolls of fog
 O - 3 scrolls of brand weapon
 Y - 10 scrolls of enchant armour
Miscellaneous
 c - a lightning rod (4/4)
 e - a phantom mirror
 z - a condenser vane
 F - a tin of tremorstones (2/2)
 I - a phial of floods


   Skills:
 * Level 18.7 Fighting
 - Level 6.0 Axes
 - Level 19.0 Ranged Weapons
 - Level 5.0 Armour
 + Level 13.2 Dodging
 + Level 14.3 Stealth
 - Level 10.0 Spellcasting
 + Level 17.3 Translocations
 - Level 2.4 Fire Magic
 * Level 17.5 Evocations


You had 15 spell levels left.
You knew the following spells:

 Your Spells              Type           Power      Damage    Failure   Level
a - Blink                 Tloc           100%       N/A       0%          2
b - Apportation           Tloc           100%       N/A       0%          1
c - Dispersal             Tloc           41%        N/A       1%          6
d - Disjunction           Tloc           41%        N/A       24%         8
e - Portal Projectile     Hex/Tloc       100%       N/A       1%          3
f - Passage of Golubria   Tloc           82%        N/A       1%          4
g - Iskenderun's Mystic   Conj/Tloc      57%        2d12      1%          4

Your spell library contained the following spells:

 Spells                   Type           Power      Damage    Failure   Level
 Lesser Beckoning         Tloc           100%       N/A       0%          2
 Kindle Blastsparks       Fire/Tloc/Air  98%        2d18      1%          3
 Manifold Assault         Tloc           82%        N/A       1%          4
 Foxfire                  Conj/Fire      80%        2x1d8     2%          1
 Scorch                   Fire           52%        2d8       2%          2
 Freeze                   Ice            52%        1d6       4%          1
 Kiss of Death            Conj/Necr      100%       2d13      4%          1
 Magic Dart               Conj           52%        1d5       4%          1
 Necrotise                Necr           100%       1d9       4%          1
 Sting                    Tmut/Pois      52%        1d5       4%          1
 Summon Small Mammal      Summ           52%        N/A       4%          1
 Call Imp                 Summ           13%        N/A       6%          2
 Cigotuvi's Dreadful Rot  Necr/Pois/Air  60%        N/A       6%          2
 Inner Flame              Hex/Fire       20%        N/A       8%          3
 Ignite Poison            Fire/Tmut/Pois 17%        N/A       10%         3
 Frozen Ramparts          Ice            26%        1d4       13%         3
 Hailstorm                Conj/Ice       13%        3d5       13%         3
 Mephitic Cloud           Conj/Pois/Air  13%        N/A       13%         3
 Ozocubu's Armour         Ice            13%        N/A       13%         3
 Summon Guardian Golem    Hex/Summ       13%        N/A       13%         3
 Tukima's Dance           Hex            13%        N/A       13%         3
 Vampiric Draining        Necr           30%        2d8       13%         3
 Flame Wave               Conj/Fire      20%        2d7       26%         4
 Airstrike                Air            6%         2d(1-17)  38%         4
 Animate Armour           Summ/Erth      26%        N/A       38%         4
 Cause Fear               Hex            6%         N/A       38%         4
 Leda's Liquefaction      Hex/Erth       6%         N/A       38%         4
 Petrify                  Tmut/Erth      13%        N/A       38%         4
 Summon Lightning Spire   Summ/Air       13%        N/A       38%         4
 Fireball                 Conj/Fire      10%        3d6       58%         5
 Agony                    Necr           30%        N/A       75%         5
 Alistair's Intoxication  Tmut/Pois      8%         N/A       75%         5
 Freezing Cloud           Conj/Ice/Air   6%         6-21      75%         5
 Irradiate                Conj/Tmut      6%         3d13      75%         5
 Iskenderun's Battlesphe  Conj           13%        2d7       75%         5
 Lee's Rapid Deconstruct  Erth           6%         3d6*      75%         5
 Lightning Bolt           Conj/Air       6%         1d18      75%         5
 Metabolic Englaciation   Hex/Ice        6%         N/A       75%         5
 Yara's Violent Unravell  Hex/Tmut       6%         3d5       75%         5
 Starburst                Conj/Fire      10%        6d5       99%         6
 Iron Shot                Conj/Erth      6%         9d2       100%        6
 Simulacrum               Ice/Necr       15%        N/A       100%        6
 Summon Cactus Giant      Summ           6%         N/A       100%        6
 Monstrous Menagerie      Summ           6%         N/A       100%        7
 Spellforged Servitor     Conj/Summ      6%         N/A       100%        7
 Summon Hydra             Summ           6%         N/A       100%        7
 Discord                  Hex            6%         N/A       100%        8
 Infestation              Necr           15%        N/A       100%        8
 Chain Lightning          Conj/Air       6%         3d8       100%        9
 Dragon's Call            Summ           6%         N/A       100%        9
 Fire Storm               Conj/Fire      10%        8d3       100%        9
 Shatter                  Erth           6%         3d9*      100%        9
 Sublimation of Blood     Necr           Unusable   N/A       N/A         2
 Wereblood                Tmut           Unusable   N/A       N/A         2
 Blade Hands              Tmut           Unusable   N/A       N/A         5
 Statue Form              Tmut/Erth      Unusable   N/A       N/A         6
 Dragon Form              Tmut           Unusable   N/A       N/A         7
 Storm Form               Tmut/Air       Unusable   N/A       N/A         7
 Death's Door             Necr           Unusable   N/A       N/A         9

Dungeon Overview and Level Annotations

Branches:
Dungeon (15/15)            Temple (0/1) D:5            Lair (5/5) D:10
 Shoals (4/4) Lair:3        Snake (4/4) Lair:2        Slime (5/5) Lair:4
    Orc (2/2) D:12            Elf (3/3) Orc:2        Vaults (4/5) D:14
  Crypt (0/3) Vaults:3     Depths (4/4) D:15            Zot (1/5) Depths:4
  IceCv (visited)

Altars:
Dithmenos
Gozag
Hepliaklqana
Kikubaaqudgha
Makhleb
Nemelex Xobeh
Sif Muna
Uskayaw
Vehumet
Wu Jian
Yredelemnul

Shops:
Orc:1 **   Orc:2 !=[[   Elf:3 *   Shoals:1 [***(   Shoals:4 *   Snake:1 !?
Snake:4 :=:   Vaults:4 ?

Portals:
Hell: Depths:1 Depths:2 Depths:3 Depths:4
Abyss: Depths:2 Depths:3 Depths:4
Pandemonium: Depths:2
Ziggurat: Depths:1


Innate Abilities, Weirdness & Mutations

You are immune to poison.
Your flesh is cold resistant. (rC+)
You are immune to negative energy. (rN+++)
You are immune to unholy pain and torment.
You are vulnerable to heat. (rF-)
You are strongly in touch with the powers of death.
You do not drink.
You have a special connection with the divine. (Faith)


Message History

Your revenant blinks!
The large abomination disappears!
The spatial maelstrom blinks!
The spatial vortex blinks!
A spatial vortex comes into view. x3
The spatial maelstrom hits you but does no damage.
The spatial maelstrom completely misses you.
The spatial maelstrom misses you. x2
You radiate an aura of cold.
The spatial vortex is unaffected.
The spatial maelstrom is unaffected.
The shadow demon is unaffected.
Your revenant is unaffected.
The spatial vortex is unaffected.
The demonspawn corrupter resists.
The demonspawn corrupter mumbles some strange prayers to Lugonu against you.
The entropic weave corrodes you!
The shadow demon gestures.
The spatial maelstrom misses you.
The spatial maelstrom hits you but does no damage.
The spatial maelstrom attacks as you move away!
The spatial maelstrom barely misses you.
The spatial maelstrom completely misses you.
The spatial maelstrom attacks as you move away!
The spatial maelstrom misses you. The spatial maelstrom hits you!
* * * LOW HITPOINT WARNING * * *
Space warps around you.
* * * LOW HITPOINT WARNING * * *
The spatial maelstrom hits you but does no damage.
The spatial maelstrom completely misses you.
A spatial vortex comes into view.
You radiate an aura of cold.
The spatial maelstrom is unaffected.
The spatial vortex is unaffected.
The sixfirhy completely misses you.
Casting: Dispersal (mildly dangerous; 1% risk of failure)
Confirm with . or Enter, or press ? or * to list all spells.
Casting: Dispersal (mildly dangerous; 1% risk of failure)
Press: ? - help, Dir - look around, f - activate The sixfirhy disappears!
The spatial maelstrom blinks!
The spatial vortex blinks!
You radiate an aura of cold.
The spatial maelstrom is unaffected.
The spatial vortex is unaffected.
The spatial vortex hits you!
* * * LOW HITPOINT WARNING * * *
Space warps around you.
You die...

.# ... #.v## ###
#....#.## ....
..≈#....####...# .
..##v.......# #. #
# . ..#x..## .
#.### .#.#...## .
.##v.X.x..##.v@#
...v #.....#..v.#
.~~~~.###23.###.§#
~ ≈# v#..# ##.# #
#. #6z#### ###
.≈~~. .## .#
#§#.v#.## v6e##.v
.. ≈ ## ##


You could see a spatial maelstrom, a spatial vortex and a small abomination
(summoned).

Vanquished Creatures
  the Royal Jelly (Slime:5)
  3 juggernauts (Depths:3)
  4 caustic shrikes
  Saint Roka (Depths:1)
  The ghost of Vogeir the Cryomancer, a veteran HuIE of Sif Muna (Vaults:4)
  6 golden dragons
  Nikola (Snake:4)
  8 tentacled monstrosities
  Zenata (Vaults:3)
  A walking crystal tome (Depths:2)
  A quicksilver dragon (Depths:3)
  2 deep elf master archers (Elf:3)
  Asterion (Depths:2)
  A titan (Depths:4)
  2 deep elf blademasters
  3 liches
  18 acid blobs
  3 krakens
  2 death cobs
  4 sphinxes
  2 tentacled starspawn
  A storm dragon (Depths:3)
  The ghost of Kevimi the Acrobat, an adept FeNe of Sif Muna (Vaults:3)
  3 shadow dragons
  8 fire giants
  Roxanne (Shoals:2)
  5 tengu reavers
  Ilsuiw (Shoals:4)
  6 rockslimes
  A draconian knight (Depths:4)
  6 azure jellies
  8 frost giants
  A daeva (Abyss:1)
  9 nagarajas
  A draconian scorcher (Depths:4)
  Louise (D:15)
  19 vault wardens
  Aizul (Shoals:1)
  10 deep elf sorcerers (Elf:3)
  3 orc warlords
  4 deep elf elementalists (Elf:3)
  18 ironbound preservers
  5 spriggan defenders
  10 quicksilver oozes
  2 reapers
  A draconian annihilator (Zot:1)
  3 war gargoyles
  6 ironbound thunderhulks
  2 starflowers (Abyss:3)
  25 very ugly things
  12 stone giants
  3 black draconians (Depths:4)
  A vampire knight (Depths:1)
  4 deep elf demonologists
  Azrael (D:12)
  21 spark wasps
  A green draconian (Depths:4)
  A yellow draconian (Depths:4)
  A red draconian (Depths:4)
  3 white draconians
  8 deep elf annihilators (Elf:3)
  An eidolon (Vaults:3)
  5 merfolk javelineers (Shoals:4)
  10 ettins
  3 deep elf death magi (Elf:3)
  9 fire dragons
  Josephine (Lair:5)
  3 crystal guardians (Vaults:2)
  4 merfolk impalers
  3 jiangshi (Depths:1)
  7 deep elf high priests (Elf:3)
  3 hydras
  10 great orbs of eyes
  11 yaktaur captains
  The ghost of Syast the Slicer, a journeyman DgFi (D:10)
  2 salamander tyrants
  2 entropy weavers
  12 ice dragons
  4 peacekeepers
  5 rakshasas
  A spriggan skeleton (Abyss:1)
  5 spriggan air magi
  12 ironbound frosthearts
  11 vault guards
  A catoblepas (D:13)
  An ice dragon (shapeshifter) (Depths:3)
  11 anacondas
  2 merfolk avatars
  3 ogre magi
  6 merfolk aquamancers
  10 centaur warriors
  25 dancing weapons
  16 naga warriors
  A satyr (Shoals:4)
  8 boulder beetles
  6 deep troll shamans
  2 hell hogs (Depths:1)
  7 deep troll earth magi
  An alligator snapping turtle (Shoals:4)
  3 death yaks (IceCv)
  11 two-headed ogres
  9 tengu warriors
  3 thrashing horrors
  An orc high priest (Orc:1)
  7 shock serpents
  11 naga sharpshooters
  2 vampire magi
  5 spriggan berserkers
  A sun demon (Depths:1)
  A hell knight (Depths:1)
  Nergalle (Orc:2)
  26 deep elf knights
  A soul eater (Depths:2)
  Sonja (D:12)
  2 wretched stars (Abyss:1)
  3 salamander mystics
  6 iron trolls (Depths:3)
  A sixfirhy (Abyss:1)
  18 sea snakes
  Amaemon (D:8)
  81 deep trolls
  7 skeletal warriors
  An orb spider (Abyss:1)
  9 deep elf archers
  3 naga ritualists
  6 flayed ghosts
  8 wizards
  10 lindwurms
  A harpy (shapeshifter) (Depths:1)
  29 ironbound convokers
  27 deep elf zephyrmancers
  12 orc knights
  2 swamp dragons (Snake:3)
  23 harpies
  5 glowing orange brains
  A phantasmal warrior (Vaults:3)
  7 starcursed masses
  28 ugly things
  33 deep elf pyromancers
  17 mana vipers
  4 necromancers
  7 fauns
  3 wolf spiders
  8 shining eyes
  11 orc sorcerers
  6 cyclopes
  A tengu skeleton (Vaults:2)
  12 manticores
  A moth of wrath (Zot:1)
  A worldbinder (Abyss:1)
  17 salamanders
  18 elephants
  A rust devil (Depths:2)
  10 merfolk sirens
  5 water nymphs
  An ice statue (IceCv)
  6 smoke demons
  15 naga magi
  2 torpor snails
  8 guardian serpents
  An eye of devastation (Slime:2)
  22 vault sentinels
  A gargoyle (D:13)
  28 black mambas
  A hellion (Abyss:2)
  23 cane toads
  10 komodo dragons
  3 orange demons
  2 unseen horrors (D:13)
  An unseen horror (shapeshifter) (Elf:3)
  An efreet (Abyss:1)
  2 ancient zymes
  4 ice devils
  A freezing wraith (D:14)
  53 yaktaurs
  11 rime drakes
  4 tengu conjurers
  A harpy zombie (Abyss:1)
  5 polar bears
  7 wind drakes
  A queen bee (D:11)
  A wolf spider simulacrum (D:11)
  22 merfolk
  8 trolls
  5 hornets
  A tarantella (Vaults:1)
  A blink frog (shapeshifter) (Elf:3)
  An elf zombie (Vaults:2)
  15 blink frogs
  8 dream sheep
  130 slime creatures
  6 snapping turtles
  A stone giant simulacrum (Vaults:2)
  2 jumping spiders
  5 air elementals
  2 ynoxinuls (Abyss:1)
  A shadow (D:10)
  3 spriggans
  2 fire elementals
  6 small abominations
  4 vampires
  19 wyverns
  5 basilisks
  9 wraiths
  A yak (shapeshifter) (D:14)
  52 yaks
  16 water elementals
  4 steam dragons
  6 redbacks
  4 chaos spawn
  2 neqoxecs
  10 vampire mosquitoes
  4 wargs
  49 nagas
  5 large abominations
  4 acid dragons
  4 hell hounds (D:12)
  21 water moccasins
  4 floating eyes
  21 orc warriors
  2 ice beasts (D:6)
  2 sky beasts
  4 black bears
  21 ogres
  11 wolves
  A phantom (D:7)
  14 centaurs
  3 kobold brigands
  15 bullfrogs
  Blork the orc (D:4)
  5 necrophages
  2 gnoll sergeants (D:7)
  A glowing shapeshifter simulacrum (Vaults:2)
  5 wights
  27 killer bees
  6 howler monkeys
  5 electric eels
  A quasit (Abyss:1)
  10 jellies
  3 gnoll boudas
  17 orc priests
  An iron imp (Abyss:1)
  9 iguanas
  42 orc wizards
  The ghost of RuggedK9 the Shield-Bearer, a weakling HOFi (D:3)
  A mummy (D:6)
  6 adders
  24 gnolls
  2 white imps
  An ufetubus (Abyss:1)
  2 worms
  3 dart slugs
  84 orcs
  15 endoplasms
  3 giant cockroaches
  7 goblins
  6 hobgoblins
  17 kobolds
  4 quokkas
  9 ball pythons
  4 bats
  6 frilled lizards
  5 rats
  A lurking horror (Slime:4)
  2 starspawn tentacles
2127 creatures vanquished.

Vanquished Creatures (collateral kills)
  A lich (Abyss:4)
  An anaconda (Snake:3)
  A naga mage (Snake:3)
3 creatures vanquished.

Vanquished Creatures (others)
  A lich (D:11)
  An ice dragon (Depths:1)
  A deep elf zephyrmancer (Elf:2)
  A naga (Snake:3)
  A bush (Lair:5)
  42 fungi
  131 plants
  13 starspawn tentacles
  11 tentacles
202 creatures vanquished.

Grand Total: 2332 creatures vanquished

Notes
Turn   | Place    | Note
-------+----------+-------------------------------------------
     0 | D:1      | browni3141 the Mummy Cinder Acolyte began the quest for the
                  | Orb.
     0 | D:1      | Reached XP level 1. HP: 18/18 MP: 2/2
   206 | D:1      | Reached skill level 1 in Stealth
   311 | D:1      | Reached XP level 2. HP: 24/24 MP: 4/4
   705 | D:1      | Gained mutation: You are in touch with the powers of death.
                  | [Mummy growth]
   705 | D:1      | Reached XP level 3. HP: 29/29 MP: 5/5
  1103 | D:1      | Identified a scroll of acquirement
  1105 | D:1      | Acquired the +6 arbalest "Damnation" {damnation}
  1105 | D:1      | Found the +6 arbalest "Damnation" {damnation}
  1597 | D:2      | Noticed an ogre
  1603 | D:2      | Killed an ogre
  1604 | D:2      | Reached skill level 2 in Ranged Weapons
  1604 | D:2      | Reached XP level 4. HP: 12/35 MP: 6/6
  2005 | D:3      | Found a hide-covered altar of Uskayaw.
  2010 | D:3      | Noticed a +0 hand axe
  2010 | D:3      | Noticed a +0 hand axe
  2050 | D:3      | Reached XP level 5. HP: 41/41 MP: 7/7
  2087 | D:3      | Noticed a black bear
  2117 | D:3      | Killed a black bear
  2118 | D:3      | Reached skill level 3 in Ranged Weapons
  2165 | D:3      | Found a large runed translucent door.
  2165 | D:3      | Found a large runed translucent door.
  2240 | D:3      | Noticed RuggedK9's ghost (weakling HOFi)
  2426 | D:3      | Found a faded altar of an unknown god.
  2635 | D:4      | Noticed Blork the orc
  2638 | D:4      | Killed Blork the orc
  2639 | D:4      | Reached skill level 4 in Ranged Weapons
  2639 | D:4      | Reached XP level 6. HP: 47/47 MP: 8/8
  2886 | D:4      | Reached skill level 5 in Ranged Weapons
  3258 | D:5      | Entered Level 5 of the Dungeon
  3272 | D:5      | Reached XP level 7. HP: 52/52 MP: 9/9
  3333 | D:5      | Reached skill level 6 in Ranged Weapons
  3496 | D:5      | Found a basalt altar of Yredelemnul.
  3497 | D:5      | Found a hazy altar of Hepliaklqana.
  3595 | D:5      | Found a staircase to the Ecumenical Temple.
  3654 | D:5      | Found a shimmering blue altar of Sif Muna.
  4038 | D:6      | Reached skill level 7 in Ranged Weapons
  4058 | D:6      | Reached XP level 8. HP: 36/58 MP: 10/10
  4078 | D:6      | Reached skill level 8 in Ranged Weapons
  4609 | D:6      | Reached skill level 9 in Ranged Weapons
  4827 | D:7      | Reached XP level 9. HP: 63/63 MP: 11/11
  4940 | D:7      | Reached skill level 10 in Ranged Weapons
  5578 | D:8      | Reached skill level 11 in Ranged Weapons
  6011 | D:8      | Noticed an orange demon
  6023 | D:8      | Noticed Amaemon
  6025 | D:8      | Killed Amaemon
  6026 | D:8      | Reached skill level 12 in Ranged Weapons
  6026 | D:8      | Reached XP level 10. HP: 70/70 MP: 12/12
  6027 | D:8      | Killed an orange demon
  6730 | D:9      | Found an opulent altar of Gozag.
  6932 | D:9      | Reached skill level 13 in Ranged Weapons
  7041 | D:9      | Found a shadowy altar of Dithmenos.
  7072 | D:9      | Found an ancient bone altar of Kikubaaqudgha.
  7930 | D:10     | Entered Level 10 of the Dungeon
  8025 | D:10     | Reached XP level 11. HP: 75/75 MP: 13/13
  8045 | D:10     | Reached skill level 14 in Ranged Weapons
  8239 | D:10     | Found a staircase to the Lair.
  8805 | D:11     | Noticed a two-headed ogre
  8809 | D:11     | Killed a two-headed ogre
  8835 | D:11     | Found a runed translucent door.
  8836 | D:11     | Noticed a skeletal warrior
  8837 | D:11     | Found a runed translucent door.
  8839 | D:11     | Noticed a wolf spider
  8839 | D:11     | Noticed a yaktaur captain
  8840 | D:11     | Noticed a necromancer
  8840 | D:11     | Noticed a cyan ugly thing
  8840 | D:11     | Noticed a lich
  8842 | D:11     | Noticed Syast's ghost (journeyman DgFi)
  8850 | D:11     | Noticed a boulder beetle
  8857 | D:11     | Killed a boulder beetle
  8858 | D:11     | Reached skill level 15 in Ranged Weapons
  8884 | D:11     | Identified the +1 buckler of Modesty {Int+3 Dex+5 Slay-2}
  9252 | D:11     | Found an ornate altar of the Wu Jian Council.
  9437 | D:11     | You fall into a shaft and drop 1 floor!
  9462 | D:12     | Noticed Sonja
  9464 | D:12     | Noticed a deep elf pyromancer
  9468 | D:12     | Killed a deep elf pyromancer
  9471 | D:12     | Killed Sonja
  9472 | D:12     | Reached skill level 1 in Dodging
  9472 | D:12     | Reached skill level 1 in Evocations
  9476 | D:12     | Noticed a boulder beetle
  9488 | D:12     | Killed a boulder beetle
  9695 | D:12     | Noticed a boulder beetle
  9699 | D:12     | Killed a boulder beetle
  9700 | D:12     | Reached XP level 12. HP: 83/83 MP: 14/14
 10068 | D:12     | Noticed Azrael
 10617 | Lair:1   | Entered Level 1 of the Lair of Beasts
 10865 | Lair:1   | Learned a level 2 spell: Blink
 10955 | Lair:1   | Reached skill level 1 in Translocations
 11961 | Lair:2   | Reached skill level 5 in Fighting
 11983 | Lair:2   | Found a frozen archway.
 11992 | IceCv    | Entered an ice cave
 12009 | IceCv    | Noticed a death yak
 12014 | IceCv    | Reached skill level 16 in Ranged Weapons
 12027 | IceCv    | Killed a death yak
 12028 | IceCv    | Reached skill level 5 in Axes
 12028 | IceCv    | Gained mutation: You are strongly in touch with the powers
                  | of death. [Mummy growth]
 12028 | IceCv    | Reached XP level 13. HP: 90/91 MP: 12/16
 12459 | IceCv    | Noticed a frost giant
 12475 | IceCv    | Killed a frost giant
 12577 | IceCv    | Found the +4 skin of Zhor {*Englaciate rC+++ SInv}
 12746 | Lair:2   | Found a staircase to the Snake Pit.
 13250 | Lair:3   | Reached skill level 5 in Stealth
 13576 | Lair:3   | Reached skill level 5 in Evocations
 13599 | Lair:3   | Found a sparkling altar of Nemelex Xobeh.
 13811 | Lair:3   | Reached skill level 5 in Dodging
 14139 | Lair:3   | Found a staircase to the Shoals.
 14432 | Lair:4   | Reached XP level 14. HP: 74/103 MP: 11/17
 14966 | Lair:4   | Found a staircase to the Slime Pits.
 15279 | Lair:5   | Entered Level 5 of the Lair of Beasts
 15716 | Lair:5   | Noticed Josephine
 16133 | Lair:5   | Killed Josephine
 16578 | Lair:5   | Reached skill level 5 in Translocations
 16849 | Lair:5   | Reached skill level 5 in Spellcasting
 17554 | D:12     | Found a burning altar of Makhleb.
 17578 | D:12     | Killed Azrael
 17773 | D:12     | Found a staircase to the Orcish Mines.
 17795 | D:12     | Noticed a cacodemon
 17991 | Orc:1    | Entered Level 1 of the Orcish Mines
 17996 | Orc:1    | Found Muusixes's General Store.
 18002 | Orc:1    | Found Vyojiq's Specific Store.
 18016 | Orc:1    | Bought a scroll of identify for 26 gold pieces
 18211 | Orc:1    | Noticed an orc warlord
 18285 | Orc:1    | You fall into a shaft and drop 1 floor!
 18285 | Orc:2    | Entered Level 2 of the Orcish Mines
 18605 | Orc:2    | Found a staircase to the Elven Halls.
 18939 | Orc:1    | Found a transporter.
 19047 | Orc:1    | Found a transporter.
 19933 | Orc:2    | Reached XP level 15. HP: 112/112 MP: 24/24
 19956 | Orc:2    | Found Oxifos's Distillery.
 20065 | Orc:2    | Found a radiant altar of Vehumet.
 20071 | Orc:2    | Found Dyiziwn's Jewellery Shoppe.
 20096 | Orc:2    | Noticed Nergalle
 20099 | Orc:2    | Killed Nergalle
 20299 | Orc:2    | Bought the amulet of Ivaleysa {Acrobat Regen+ Dex+3 Stlth+}
                  | for 645 gold pieces
 20311 | Orc:2    | Found an ancient bone altar of Kikubaaqudgha.
 20319 | Orc:2    | Bought a ring of willpower for 350 gold pieces
 20371 | Orc:2    | Found Meugora's Antique Armour Shoppe.
 20383 | Orc:2    | Found Kami Ula's Antique Armour Emporium.
 20385 | Orc:2    | Bought a pair of embroidered gloves for 210 gold pieces
 20385 | Orc:2    | Bought a pair of runed boots for 210 gold pieces
 20949 | D:13     | Identified the ring "Sueruev" {rPois Will+ Str-3 Int+3
                  | Dex+3}
 21535 | D:14     | Found a gate to the Vaults.
 22518 | D:15     | Entered Level 15 of the Dungeon
 22526 | D:15     | Noticed Louise
 22938 | D:15     | Reached skill level 17 in Ranged Weapons
 23138 | D:15     | Found a staircase to the Depths.
 23357 | D:15     | Killed Louise
 23594 | Snake:1  | Entered Level 1 of the Snake Pit
 23645 | Shoals:1 | Entered Level 1 of the Shoals
 23830 | Shoals:1 | Noticed a kraken
 23839 | Shoals:1 | Killed a kraken
 23840 | Shoals:1 | Reached XP level 16. HP: 121/121 MP: 25/28
 24016 | Shoals:1 | Found Utek's Weapon Emporium.
 24044 | Shoals:1 | Noticed Aizul
 24066 | Shoals:1 | Killed Aizul
 24342 | Shoals:1 | Found Tutas's Assorted Antiques.
 24348 | Shoals:1 | Found Vujurch's Armour Shop.
 24350 | Shoals:1 | Found Fogei's General Store.
 24351 | Shoals:1 | Bought 2 scrolls of enchant armour for 450 gold pieces
 24361 | Shoals:1 | Found Xonyoto's Assorted Antiques.
 24380 | Shoals:1 | Bought a scroll of fog for 56 gold pieces
 24655 | Shoals:2 | Noticed Roxanne
 24662 | Shoals:2 | Killed Roxanne
 25369 | Shoals:3 | Reached skill level 10 in Fighting
 26457 | Shoals:3 | Learned a level 1 spell: Apportation
 26458 | Shoals:4 | Entered Level 4 of the Shoals
 26465 | Shoals:4 | Noticed Ilsuiw
 26558 | Shoals:4 | Killed Ilsuiw
 26644 | Shoals:4 | Got a barnacled rune of Zot
 26711 | Shoals:4 | Noticed a kraken
 26721 | Shoals:4 | Killed a kraken
 26875 | Shoals:4 | Identified the +0 robe of the Harp {Drain rC+ Will+++
                  | Stlth+}
 27020 | Shoals:4 | Found Gotugi's General Store.
 27037 | Shoals:4 | Reached XP level 17. HP: 129/129 MP: 29/29
 27080 | Shoals:4 | Identified the +1 robe of the Threshing Gods {*Slow rElec
                  | rN+ rCorr}
 27092 | Shoals:4 | Noticed a kraken
 27097 | Shoals:4 | Killed a kraken
 27476 | Shoals:4 | Got Sif Muna's Grimoire of Burning
 27614 | Shoals:4 | Acquired 845 gold pieces
 27683 | Shoals:1 | Bought a scroll of poison for 56 gold pieces
 27690 | Shoals:1 | Bought a scroll of poison for 120 gold pieces
 27690 | Shoals:1 | Bought a scroll of poison for 120 gold pieces
 27701 | Shoals:1 | Bought a scroll of vulnerability for 156 gold pieces
 27701 | Shoals:1 | Bought a scroll of torment for 370 gold pieces
 27701 | Shoals:1 | Bought a scroll of blinking for 292 gold pieces
 28098 | Snake:1  | Reached skill level 18 in Ranged Weapons
 28419 | Snake:1  | Found Ompesiag's Magic Scroll Emporium.
 28429 | Snake:1  | Found Muzeypn's Distillery.
 28449 | Snake:1  | Bought a scroll of teleportation for 42 gold pieces
 28449 | Snake:1  | Bought a scroll of blinking for 105 gold pieces
 28449 | Snake:1  | Bought a scroll of teleportation for 42 gold pieces
 28449 | Snake:1  | Bought a scroll of teleportation for 42 gold pieces
 28449 | Snake:1  | Bought a scroll of fog for 56 gold pieces
 28449 | Snake:1  | Bought a scroll of teleportation for 42 gold pieces
 28449 | Snake:1  | Bought a scroll of fog for 56 gold pieces
 28449 | Snake:1  | Bought a scroll of poison for 56 gold pieces
 28466 | Snake:1  | You are sucked into a shaft and drop 1 floor!
 29295 | Snake:2  | Reached skill level 10 in Stealth
 30941 | Snake:3  | Reached XP level 18. HP: 138/138 MP: 30/30
 30948 | Snake:3  | Identified the +5 chain mail of Ru's Generosity {Harm rElec
                  | rN+ Slay-2}
 31012 | Snake:4  | Entered Level 4 of the Snake Pit
 31024 | Snake:4  | Found Azxora's Book Shop.
 31024 | Snake:4  | Found Hatocwysau's Jewellery Shoppe.
 31024 | Snake:4  | Noticed Nikola
 31040 | Snake:4  | Killed Nikola
 31094 | Snake:4  | Found Duhad's Book Shop.
 31913 | Snake:4  | Reached skill level 10 in Evocations
 31977 | Snake:4  | Got a serpentine rune of Zot
 32696 | Depths:1 | Entered Level 1 of the Depths
 32955 | Depths:1 | Noticed a golden dragon
 33013 | D:15     | Killed a golden dragon
 33086 | D:15     | Reached skill level 1 in Armour
 33549 | Depths:1 | Noticed a lich
 33551 | Depths:1 | Killed a lich
 33700 | Depths:1 | Reached skill level 19 in Ranged Weapons
 33723 | Depths:1 | Reached skill level 10 in Dodging
 33774 | Depths:1 | Found a gateway to Hell.
 34066 | Depths:1 | Noticed Saint Roka
 34079 | Depths:1 | Killed Saint Roka
 34306 | Depths:1 | Found a one-way gateway to a ziggurat.
 34658 | Depths:1 | Reached XP level 19. HP: 145/148 MP: 31/31
 34896 | Depths:2 | Noticed Asterion
 35329 | Elf:1    | Entered Level 1 of the Elven Halls
 35742 | Elf:1    | Paralysed by an air elemental for 1 turns
 35921 | Elf:1    | Paralysed by an air elemental for 1 turns
 36508 | Elf:2    | Paralysed by an air elemental for 1 turns
 36512 | Elf:1    | Paralysed by an air elemental for 1 turns
 36515 | Elf:1    | Paralysed by an air elemental for 1 turns
 36651 | Elf:2    | Found a flickering gateway to a bazaar.
 36687 | Bazaar   | Entered a bazaar
 36693 | Bazaar   | Found Epecoar's Magic Scroll Shop.
 36701 | Bazaar   | Found Utauwk's Magic Scroll Shop.
 36707 | Bazaar   | Found Vuckurgh's Distillery.
 36718 | Bazaar   | Found Wetinko's Weapon Boutique.
 36755 | Bazaar   | Bought a scroll of vulnerability for 40 gold pieces
 36755 | Bazaar   | Bought a scroll of blinking for 75 gold pieces
 36763 | Bazaar   | Bought 2 scrolls of magic mapping for 270 gold pieces
 36763 | Bazaar   | Bought a scroll of vulnerability for 72 gold pieces
 36893 | Elf:2    | Reached skill level 5 in Armour
 36942 | Elf:2    | Found a huge runed translucent gate.
 36942 | Elf:2    | Found a huge runed translucent gate.
 36954 | Elf:2    | Found a huge runed translucent gate.
 36956 | Elf:2    | Found a huge runed translucent gate.
 36956 | Elf:2    | Found a huge runed translucent gate.
 38028 | Elf:3    | Entered Level 3 of the Elven Halls
 38325 | Elf:3    | Found Zaschec's CLEARANCE SALE!.
 38397 | Elf:3    | Bought a scroll of teleportation for 9 gold pieces
 38397 | Elf:3    | Bought a scroll of noise for 3 gold pieces
 38668 | Elf:3    | Identified the +7 executioner's axe "Ywowi" {antimagic,
                  | Fragile Will- rCorr SInv}
 38675 | Elf:3    | Reached XP level 20. HP: 133/160 MP: 32/32
 39006 | Elf:3    | Identified the +11 mace "Poafuafe" {drain, Str+4}
 39127 | Elf:3    | Identified the amulet of the Demon Prince {Acrobat rCorr
                  | Str+2 Dex+3}
 39192 | Elf:3    | Identified the +1 mace "Raisin" {flame, Fly rPois rN+}
 39264 | Elf:3    | Got Sif Muna's Cyclopedia of Evil
 39267 | Elf:3    | Identified the +7 mace of Integrity {flame, rElec Dex+3}
 39611 | Elf:3    | Learned a level 6 spell: Dispersal
 39620 | Elf:3    | Learned a level 8 spell: Disjunction
 40128 | D:3      | Found a hide-covered altar of Uskayaw.
 40292 | D:3      | Killed RuggedK9's ghost
 40308 | D:3      | Found a faded altar of an unknown god.
 40951 | D:11     | Reached skill level 15 in Fighting
 40982 | D:10     | Killed Syast's ghost
 41222 | Vaults:1 | Entered Level 1 of the Vaults
 41927 | Vaults:1 | Got Yrimas's Secrets of Bright Venin
 41982 | Vaults:1 | Reached skill level 10 in Translocations
 43188 | Vaults:2 | Reached XP level 21. HP: 168/168 MP: 33/33
 43993 | Vaults:2 | Acquired 347 gold pieces
 44306 | Vaults:3 | Found a runed translucent door.
 44306 | Vaults:3 | Noticed Kevimi's ghost (adept FeNe)
 44386 | Vaults:3 | Found a flickering gateway to a bazaar.
 44398 | Vaults:3 | Noticed Zenata
 44406 | Bazaar   | Entered a bazaar
 44498 | Bazaar   | Found Wiys's Armour Shop.
 44511 | Bazaar   | Found Daroo's Assorted Antiques.
 44524 | Bazaar   | Found Egruj's Book Boutique.
 44558 | Bazaar   | Found Emutrat's Distillery.
 44593 | Bazaar   | Bought the Spellbook of Unstable Spelunking for 476 gold
                  | pieces
 44597 | Bazaar   | Learned a level 3 spell: Portal Projectile
 44609 | Bazaar   | Bought a scroll of enchant armour for 187 gold pieces
 44609 | Bazaar   | Bought a scroll of fear for 100 gold pieces
 44650 | Bazaar   | Bought a +1 cloak of willpower for 297 gold pieces
 45478 | Vaults:3 | Reached skill level 10 in Spellcasting
 45597 | Vaults:3 | Found a staircase to the Crypt.
 45687 | Vaults:3 | Killed Zenata
 45805 | Vaults:3 | Identified the +0 scale mail "Vuivum" {rC+ Int-3 SInv}
 46634 | Vaults:3 | Found a staircase to the Crypt.
 46794 | Vaults:3 | Killed Kevimi's ghost
 46990 | Vaults:4 | Reached skill level 15 in Translocations
 47161 | Vaults:4 | Reached XP level 22. HP: 116/175 MP: 36/36
 48072 | Vaults:4 | Found Gobiji's Magic Scroll Shop.
 48077 | Vaults:4 | Bought a scroll of silence for 161 gold pieces
 48077 | Vaults:4 | Bought a scroll of blinking for 127 gold pieces
 48077 | Vaults:4 | Bought a scroll of enchant weapon for 127 gold pieces
 48077 | Vaults:4 | Bought a scroll of immolation for 68 gold pieces
 48227 | Vaults:4 | Acquired the +1 helmet "Siustedu" {MP+9 Int+2}
 48396 | Vaults:4 | Found a runed translucent door.
 48396 | Vaults:4 | Noticed Vogeir's ghost (veteran HuIE)
 48421 | Vaults:4 | Killed Vogeir's ghost
 49576 | Depths:2 | Paralysed by a floating eye for 2 turns
 49741 | Depths:1 | Found a gateway to Hell.
 49956 | Depths:1 | Found a one-way gateway to a ziggurat.
 50745 | Depths:2 | Killed Asterion
 50932 | Depths:2 | Found Jucros's General Store.
 50961 | Depths:2 | Paralysed by a floating eye for 4 turns
 50965 | Depths:2 | Noticed a golden dragon
 50969 | Depths:2 | Noticed a caustic shrike
 50971 | Depths:2 | Killed a golden dragon
 50979 | Depths:2 | Killed a caustic shrike
 51157 | Depths:2 | Identified the +2 robe of Spring Thaw {*Slow +Blink rN++
                  | Will+}
 51172 | Depths:2 | Found a one-way gate to the infinite horrors of the Abyss.
 51389 | Depths:2 | Reached XP level 23. HP: 94/185 MP: 34/37
 51485 | Depths:2 | Found a one-way gate leading to the halls of Pandemonium.
 51619 | Depths:2 | You fall into a shaft and drop 2 floors!
 51619 | Depths:4 | Entered Level 4 of the Depths
 51697 | Depths:4 | Reached skill level 15 in Evocations
 52288 | Depths:4 | Found a gate to the Realm of Zot.
 52895 | Depths:3 | Noticed a juggernaut
 53152 | Depths:3 | Noticed a juggernaut
 53164 | Depths:3 | Killed a juggernaut
 53269 | Depths:3 | Killed a juggernaut
 53628 | Depths:3 | Identified the +2 leather armour of Unagh {rElec rN+}
 54033 | Depths:3 | Noticed a caustic shrike
 54035 | Depths:3 | Noticed a caustic shrike
 54040 | Depths:3 | Killed a caustic shrike
 54048 | Depths:3 | Noticed a juggernaut
 54075 | Depths:3 | Killed a juggernaut
 54683 | Depths:3 | Noticed a caustic shrike
 54698 | Depths:3 | Killed a caustic shrike
 54705 | Depths:3 | Killed a caustic shrike
 54706 | Depths:3 | Reached XP level 24. HP: 54/197 MP: 12/37
 56792 | Depths:2 | Found a one-way gate leading to the halls of Pandemonium.
 57119 | Slime:1  | Entered Level 1 of the Pits of Slime
 58631 | Slime:5  | Entered Level 5 of the Pits of Slime
 58753 | Slime:5  | Noticed the Royal Jelly
 58765 | Slime:5  | Killed the Royal Jelly
 60150 | Slime:5  | Identified the ring of Eproh {Str+3 Dex+2 SInv}
 60172 | Slime:5  | Identified the +3 ring mail "Waugire" {Harm *Slow Will+
                  | Slay+4}
 60183 | Slime:5  | Got Lenlauff's Guidebook on Company
 60188 | Slime:5  | Got the Spellbook of the Legion
 60205 | Slime:5  | Got a slimy rune of Zot
 60215 | Slime:5  | Identified the +1 pair of boots of Past Mistakes {rN++
                  | Will+ Int+2 Dex-5}
 60239 | Slime:5  | Identified the +0 scale mail "Hizin" {Fly rF+ Dex+3}
 60993 | Zot:1    | Entered Level 1 of the Realm of Zot
 62312 | Depths:4 | Learned a level 4 spell: Passage of Golubria
 62317 | Depths:4 | Learned a level 4 spell: Iskenderun's Mystic Blast
 62319 | Depths:4 | Voluntarily entered the Abyss.
 62476 | Abyss:1  | Found a corrupted altar of Lugonu.
 62517 | Abyss:1  | Found a corrupted altar of Lugonu.
 63033 | Abyss:2  | Found a corrupted altar of Lugonu.
 63188 | Abyss:4  | Found a corrupted altar of Lugonu.
 63335 | Abyss:4  | Found a corrupted altar of Lugonu.
 63544 | Abyss:4  | HP: 7/199 [spatial maelstrom (24)]
 63566 | Abyss:4  | HP: 4/199 [spatial vortex[a spatial maelstrom] (13)]
 63566 | Abyss:4  | Slain by a spatial vortex

Illustrated notes

Levels and vault maps discovered:
D:1:      dpeg_arrival_rhombi, layout_loops_corners
D:2:      layout_basic, nicolae_elevator_lobby_plus
D:3:      layout_basic, dancing_weapons_uskayaw, basic_ecumenical_altar,
          ebering_ghost_disaster_area, nicolae_elevator_lobby_asterisk
D:4:      layout_basic, uniq_blork_the_orc
D:5:      layout_cave_pools, nicolae_overflow_squiral,
          mainiacjoe_overflow_alcove_2, minmay_temple_entry_large_hall,
          chequers_serial_rivers_large_a
D:6:      layout_loops_corners, gup_ossuary_entry_pyramid, minivault_26
D:7:      layout_loops_ring
D:8:      layout_loops_ring, minmay_increasing_density, uniq_amaemon
D:9:      layout_gridville, mainiacjoe_overflow_two_lobes,
          nicolae_gozag_cash_rules_everything_around_me
D:10:     layout_rooms, erik_lair_orcish_takeover, dreamdust_princess_bridge
D:11:     layout_basic, muffindrake_ghost_dual_entry, special_room
          [special_room_bee], pdpol_wu_jian_five_deadly_venoms
D:12:     layout_small_grid, david_orc_5, makhleb_altar_promises_db, uniq_sonja,
          uniq_azrael
D:13:     layout_roguey, grunt_ministairs_13
D:14:     layout_gridville, david_vaults_1, minmay_misc_feat_x
D:15:     hangedman_depths_entry_civil_slaughter, layout_basic, serial_rivers,
          chequers_serial_rivers_micro_d, chequers_serial_rivers_room_b,
          chequers_serial_rivers_micro_b, chequers_serial_rivers_micro_a,
          uniq_louise
Lair:1:   layout_roguey, grunt_megastairs_4
Lair:2:   layout_hall_layers, guppyfry_snake_entry_island,
          portal_ice_cave_demonic_guard, disabler_island, serial_bayou_shore_b,
          lemuel_fruit_tree
Lair:3:   lemuel_slime, layout_hall_layers, minmay_shoals_entry_hut,
          basic_altar, serial_bayou_shore_a
Lair:4:   layout_loops_ring, slime_entry_1, grunt_forest_large_clearing_hut
Lair:5:   hangedman_lair_tendril_chambers, layout_hall_layers, uniq_josephine
Shoals:1: layout_shoals, serial_shops, shop, shop, nicolae_diamond_shop,
          nicolae_shop_trees, shop, uniq_aizul
Shoals:2: layout_shoals, uniq_roxanne
Shoals:3: layout_shoals, nicolae_shoals_gull_way
Shoals:4: shoals_end_grunt_ice, layout_shoals, shoals_ilsuiw_ice, serial_shops,
          nicolae_shop_competitors_out_of_business,
          nicolae_shoals_kraken_intersection
Snake:1:  layout_onion, grunt_megastairs_3, minmay_shop_star
Snake:2:  layout_chambers
Snake:3:  layout_gridlike
Snake:4:  grunt_snake_rune_pools, layout_cave_town, minmay_shop_grove,
          uniq_nikola
Slime:1:  layout_caves
Slime:2:  layout_caves
Slime:3:  layout_caves, cheibrodos_slime_lost_civilization_7
Slime:4:  layout_caves, amcnicky_altar_lugonu_corruption
Slime:5
Orc:1:    gammafunk_beogh_shrine, layout_caves, library_closet,
          nicolae_specific_store, mines1_david
Orc:2:    kennysheep_orc_mage_school, layout_diamond_mine,
          nicolae_orc_crystal_geode
Elf:1:    minmay_elf_arrival_summoners, layout_gridlike,
          hangedman_elven_crosses_minicolossus
Elf:2:    elven_hall_of_blades_hangedman_alternative
          [nicolae_blade_entry_pointy_end], layout_geoelf_diagonals,
          serial_shops, bzr_entry_safe
Elf:3:    minmay_elf_hall_spiked, layout_geoelf_diagonals,
          nicolae_shop_clearance
Vaults:1: nicolae_vaults_big_ls, nicolae_vaults_stairing_the_circle,
          hangedman_vaults_variations, nicolae_vaults_inception_scallops,
          vaults_room_fours, nicolae_vaults_network_barrier,
          dpeg_vaults_monster_box, ontoclasm_vaults_gateway,
          ontoclasm_vaults_pinch, layout_vaults_ring, serial_glass
Vaults:2: hangedman_vaults_corner_blocks, ontoclasm_vaults_spin,
          nicolae_vaults_network_s, v_misc_1, nicolae_vaults_sealed_display,
          v_rooms_1, ontoclasm_vaults_ring_large, vaults_dpeg_emergency_exit,
          v_misc_22, v_misc_26, vaults_mumra_lcd,
          ontoclasm_vaults_claustrophobia, ontoclasm_vaults_ring_small,
          layout_vaults_omnibox
Vaults:3: hellmonk_ghost_happy_afterlife, vaults_room_fours, vaults_room_boxed,
          minmay_crypt_entry_simple_box, v_misc_15, nicolae_vaults_what_the_h,
          vaults_dpeg_spiral, vaults_room_octagon, v_alt_pattern_6,
          hangedman_vaults_cutoff, hangedman_vaults_maws, grunt_vaults_focal,
          vaults_dpeg_hooks, nicolae_vaults_ring_of_whatevers,
          layout_vaults_maze, serial_shops, bzr_entry_water, uniq_zenata
Vaults:4: gammafunk_ghost_grave, nicolae_vaults_arrows, v_rooms_6,
          nicolae_vaults_shelves_hall, vaults_room_pools, st_diamondy,
          vaults_standard_mumra_x, v_misc_13, vaults_room_grid,
          hangedman_vaults_slice, v_misc_10, vaults_room_corners,
          grunt_vaults_hallway_long, layout_vaults_big_cross, serial_shops,
          nicolae_shop_hallway_plus
Depths:1: layout_basic, enter_ziggurat_d, hellmouth_1,
          chequers_serial_rivers_room_a, grunt_ministairs_11,
          hangedman_decor_slide_cut, roderic_lattice_a, nicolae_lava_and_water,
          hangedman_abyss_or_decor_stagger, dispersion_dpeg, uniq_saint_roka
Depths:2: minmay_complete_graph, layout_cave_pools, serial_shops, shop,
          grunt_pan_entry_in_and_out, hangedman_tar_grid_catacomb,
          nicolae_abyss_entry_one_way_or_another, infiniplex_staircase_river,
          uniq_asterion
Depths:3: grunt_twisty_corner, layout_honeycomb, abyss_entry_small_statue_room,
          hell_entry, eino_curves_03, infiniplex_staircase_x
Depths:4: grunt_crosshair, layout_cave_pools, hell_entry,
          serial_sigils_hangedman_gnaw, abyss_entry
Zot:1:    layout_gridlike, st_single_dragon_hoard_2, uniq_vv
Abyss:4:  base: D:5, spicy_abyss_helpful_harpoons,
          onia_ninara_dug_in_and_dangerous, evilmike_abyss_exit_8, minivault_4

Skill      XL: |  1  2  3  4  5  6  7  8  9 10 11 12 13 14 15 16 17 18 19 20 21 22 23 24 |
---------------+-------------------------------------------------------------------------+-----
Stealth        | 1 2 4 6 7 8 9 10 11 12 13 14 | 14.3
Axes           | 3 5 6 |  6.0
Ranged Weapons | 2 4 5 7 9 12 13 15 16 17 18 19 | 19.0
Dodging        | 1 3 5 6 7 8 9 10 11 12 13 | 13.2
Evocations     | 1 3 5 7 9 10 12 14 16 17 | 17.5
Fighting       | 5 7 8 9 10 11 12 14 15 16 17 18 | 18.7
Spellcasting   | 2 6 8 10 | 10.0
Translocations | 3 4 5 7 8 11 15 16 17 | 17.3
Armour         | 3 5 |  5.0
Fire Magic     | |  2.4

Action                     |  1- 3 |  4- 6 |  7- 9 | 10-12 | 13-15 | 16-18 | 19-21 | 22-24 || total
---------------------------+-------+-------+-------+-------+-------+-------+-------+-------++-------
  Melee: Club              |   131 |    55 |       |       |       |       |       |       ||   186
         Hand axe          |    15 |       |       |       |       |       |       |       ||    15
         Whip              |       |    16 |    39 |   141 |    85 |    76 |     3 |       ||   360
         Punch             |       |     2 |     1 |     1 |     1 |       |       |       ||     5
   Fire: Arbalest          |    12 |    53 |   120 |   266 |   743 |   935 |  1011 |  1008 ||  4148
         Longbow           |       |       |       |       |       |       |   258 |   805 ||  1063
   Cast: Blink             |       |       |       |     7 |    48 |    88 |    73 |    69 ||   285
         Dispersal         |       |       |       |       |       |       |    19 |    63 ||    82
         Portal Projectile |       |       |       |       |       |       |     8 |    41 ||    49
         Disjunction       |       |       |       |       |       |       |       |    20 ||    20
         Passage of Golubr |       |       |       |       |       |       |       |     1 ||     1
 Invoke: Fiery Armour      |     1 |       |       |     2 |     1 |       |       |       ||     4
Ability: Evoke Invisibilit |       |       |       |       |       |       |       |     1 ||     1
  Evoke: Wand              |       |       |     6 |       |    15 |    34 |     2 |     8 ||    65
         Tin of tremorston |       |       |       |     2 |     5 |    10 |     6 |     3 ||    26
         Condenser vane    |       |       |       |       |     2 |     7 |     5 |     7 ||    21
         Phial of floods   |       |       |       |       |       |     1 |     2 |     2 ||     5
         Lightning rod     |       |       |       |       |       |       |     4 |       ||     4
    Use: Scroll            |     3 |       |     2 |    11 |     9 |    11 |    12 |     9 ||    57
 Armour: Robe              |    10 |       |       |       |       |     6 |       |       ||    16
         Ring mail         |    67 |    63 |    27 |       |       |       |       |       ||   157
         Steam dragon scal |       |       |     1 |    93 |       |       |       |       ||    94
         Animal skin       |       |       |       |       |    43 |   139 |   156 |   283 ||   621
  Dodge: Dodged            |    84 |    54 |    30 |   135 |   140 |   311 |   360 |   770 ||  1884

Table legend: (Time is in decaauts)
 A = Elapsed time spent in this place.
 B = Non-inter-level travel time spent in this place.
 C = Inter-level travel time spent in this place.
 D = Time resting spent in this place.
 E = Time spent auto-exploring this place.
 F = Levels seen in this place.
 G = Mean time per level.
                   A        B        C        D        E       F      G
               +--------+--------+--------+--------+--------+-----+--------+
         Total |  63599 |  57680 |   5919 |  10646 |  36006 |  54 | 1177.8 |
       Dungeon |  16928 |  14514 |   2414 |   1746 |  10315 |  15 | 1128.5 |
          Lair |   6768 |   6053 |    715 |   1112 |   3898 |   5 | 1353.6 |
        Shoals |   4273 |   3737 |    536 |    518 |   2542 |   4 | 1068.2 |
     Snake Pit |   4438 |   4216 |    222 |   1090 |   2316 |   4 | 1109.5 |
    Slime Pits |   3475 |   3240 |    235 |   1278 |   1367 |   5 |  695.0 |
  Orcish Mines |   3037 |   2717 |    320 |   1061 |   1216 |   2 | 1518.5 |
   Elven Halls |   4107 |   3767 |    340 |    920 |   1985 |   3 | 1369.0 |
        Vaults |   7323 |   7005 |    318 |    716 |   4795 |   4 | 1830.8 |
        Depths |  10957 |  10142 |    815 |   1959 |   6613 |   4 | 2739.2 |
           Zot |     47 |     47 |      0 |      0 |      0 |   1 |   47.0 |
         Abyss |   1180 |   1180 |      0 |    128 |    381 |   4 |  295.0 |
        Bazaar |    350 |    350 |      0 |      0 |    206 |   2 |  175.0 |
      Ice Cave |    712 |    712 |      0 |    117 |    370 |   1 |  712.0 |
               +--------+--------+--------+--------+--------+-----+--------+

Top non-repeatable levels by time:
Depths:1: 3603 daAuts
Depths:3: 3107 daAuts
Vaults:3: 2406 daAuts
   Orc:2: 2229 daAuts
Depths:4: 2143 daAuts
  Lair:5: 2112 daAuts
Depths:2: 2103 daAuts
Vaults:4: 2094 daAuts
     D:3: 1730 daAuts
 Snake:2: 1661 daAuts
 Slime:4: 1602 daAuts
    D:15: 1592 daAuts
Vaults:1: 1538 daAuts
   Elf:3: 1525 daAuts
    D:11: 1484 daAuts
